[ PARTIDA AOE2 · #483519802 ]
1v1 RMAztecas vs Mongols
Equipo del jugador · DERR
Equipo rival · VICT
[ ANÁLISIS DE REPETICIÓN · EXTRAÍDO DE LA PARTIDA GRABADA ]
Feudal
16:33
Castillos
23:27
Imperial
38:51
| APM promedio | 19.3 |
| APM pico | 69 |
| eAPM promedio | 16.7 |
| Aldeanos / militares | 127 / 400 |
Foco
⚔️ 52.4% · 🌾 47.6%
Skirmisher ×181 · Spearman ×177 · Scorpion ×24 · Trebuchet (Packed) ×14 · Mangonel ×3 · Monk ×1
Feudal
9:37
Castillos
13:56
Imperial
35:57
| APM promedio | 24.0 |
| APM pico | 64 |
| eAPM promedio | 11.7 |
| Aldeanos / militares | 118 / 231 |
Foco
⚔️ 32.5% · 🌾 67.5%
Scout Cavalry ×162 · Mangudai ×41 · Mangonel ×15 · Skirmisher ×4 · Cavalry Archer ×4 · Trebuchet (Packed) ×4
Mapa de la partida
Recursos al inicio + cada clic de construcción. Línea gruesa = muro · recuadro discontinuo = muro de casas detectado. 🟡 oro · ⚪ piedra · 🟢 bayas · 🔶 jabalí · ⭕ reliquia
Inputs por minuto
— TruG-moto - - elec2ro
Build order — TruG-moto
Primeras 150 de 709 acciones detectadas
| 0:16 | Investigar | Loom |
| 0:16 | Crear | Villager (Male) |
| 0:17 | Crear | Villager (Male) |
| 0:17 | Crear | Villager (Male) |
| 0:17 | Crear | Villager (Male) |
| 0:27 | Construir | House |
| 1:44 | Construir | House |
| 1:47 | Construir | House |
| 1:51 | Construir | House |
| 2:49 | Crear | Villager (Male) |
| 2:49 | Crear | Villager (Male) |
| 3:07 | Crear | Villager (Male) |
| 3:25 | Crear | Villager (Male) |
| 4:00 | Crear | Villager (Male) |
| 4:10 | Crear | Villager (Male) |
| 4:11 | Crear | Villager (Male) |
| 4:47 | Crear | Villager (Male) |
| 5:03 | Construir | Mill |
| 5:10 | Crear | Villager (Male) |
| 5:10 | Crear | Villager (Male) |
| 6:09 | Crear | Villager (Male) |
| 6:10 | Crear | Villager (Male) |
| 6:10 | Crear | Villager (Male) |
| 6:27 | Crear | Villager (Male) |
| 7:16 | Construir | Lumber Camp |
| 7:27 | Crear | Villager (Male) |
| 7:27 | Crear | Villager (Male) |
| 7:28 | Crear | Villager (Male) |
| 7:51 | Crear | Villager (Male) |
| 7:51 | Crear | Villager (Male) |
| 8:20 | Crear | Villager (Male) |
| 8:20 | Crear | Villager (Male) |
| 8:51 | Construir | Mining Camp |
| 9:11 | Construir | House |
| 9:13 | Construir | House |
| 9:15 | Construir | House |
| 9:25 | Crear | Villager (Male) |
| 9:25 | Crear | Villager (Male) |
| 10:00 | Crear | Villager (Male) |
| 10:14 | Crear | Villager (Male) |
| 10:15 | Crear | Villager (Male) |
| 10:42 | Crear | Villager (Male) |
| 10:50 | Construir | House |
| 11:06 | Crear | Villager (Male) |
| 11:22 | Construir | Outpost |
| 11:45 | Construir | Mining Camp |
| 12:26 | Crear | Villager (Male) |
| 12:41 | Construir | Outpost |
| 13:08 | Crear | Villager (Male) |
| 13:09 | Crear | Villager (Male) |
| 13:28 | Crear | Villager (Male) |
| 13:46 | Construir | Outpost |
| 13:53 | Investigar | Feudal Age |
| 14:16 | Construir | Mill |
| 14:32 | Construir | Outpost |
| 14:57 | Construir | Farm |
| 14:59 | Construir | Farm |
| 15:01 | Construir | Farm |
| 15:03 | Construir | Farm |
| 15:06 | Construir | Farm |
| 15:08 | Construir | Farm |
| 15:09 | Construir | Farm |
| 15:11 | Construir | Farm |
| 15:13 | Construir | Farm |
| 15:16 | Construir | Farm |
| 15:19 | Construir | Farm |
| 15:53 | Construir | House |
| 15:55 | Construir | House |
| 15:57 | Construir | House |
| 15:59 | Construir | House |
| 16:02 | Construir | House |
| 16:33 | Edad | Edad Feudal |
| 16:37 | Investigar | Town Watch |
| 16:44 | Crear | Villager (Male) |
| 16:44 | Crear | Villager (Male) |
| 17:01 | Construir | Farm |
| 17:03 | Construir | Farm |
| 17:05 | Construir | Farm |
| 17:08 | Construir | Farm |
| 17:10 | Construir | Farm |
| 17:12 | Construir | Farm |
| 17:16 | Crear | Villager (Male) |
| 17:33 | Construir | Market |
| 17:46 | Crear | Villager (Male) |
| 17:47 | Crear | Villager (Male) |
| 18:27 | Crear | Villager (Male) |
| 18:49 | Construir | Blacksmith |
| 19:10 | Crear | Villager (Male) |
| 19:11 | Crear | Villager (Male) |
| 19:38 | Construir | House |
| 19:39 | Construir | House |
| 19:41 | Construir | House |
| 19:43 | Construir | House |
| 19:45 | Construir | House |
| 19:46 | Construir | House |
| 20:01 | Crear | Villager (Male) |
| 20:47 | Investigar | Castle Age |
| 20:47 | Investigar | Castle Age |
| 21:28 | Construir | Stone Wall |
| 21:31 | Construir | Building 673 |
| 21:37 | Construir | Stone Wall |
| 22:13 | Construir | Stone Wall |
| 22:18 | Investigar | Horse Collar |
| 22:24 | Investigar | Double-Bit Axe |
| 22:45 | Construir | House |
| 23:27 | Edad | Edad de los Castillos |
| 23:32 | Investigar | Town Patrol |
| 23:34 | Crear | Villager (Male) |
| 23:47 | Construir | Town Center |
| 23:58 | Construir | Town Center |
| 24:04 | Crear | Villager (Male) |
| 24:06 | Crear | Villager (Male) |
| 24:28 | Construir | Town Center |
| 24:40 | Construir | Castle |
| 24:47 | Crear | Villager (Male) |
| 24:51 | Crear | Villager (Male) |
| 24:54 | Construir | Farm |
| 25:59 | Crear | Villager (Male) |
| 25:59 | Crear | Villager (Male) |
| 26:00 | Crear | Villager (Male) |
| 26:00 | Crear | Villager (Male) |
| 26:02 | Crear | Villager (Male) |
| 26:05 | Crear | Villager (Male) |
| 26:06 | Crear | Villager (Male) |
| 26:07 | Crear | Villager (Male) |
| 26:07 | Crear | Villager (Male) |
| 26:09 | Crear | Villager (Male) |
| 26:13 | Crear | Villager (Male) |
| 26:13 | Crear | Villager (Male) |
| 26:13 | Crear | Villager (Male) |
| 26:14 | Crear | Villager (Male) |
| 26:14 | Crear | Villager (Male) |
| 26:16 | Crear | Villager (Male) |
| 26:54 | Crear | Villager (Male) |
| 26:55 | Crear | Villager (Male) |
| 26:55 | Crear | Villager (Male) |
| 26:56 | Crear | Villager (Male) |
| 26:56 | Crear | Villager (Male) |
| 26:57 | Crear | Villager (Male) |
| 26:58 | Crear | Villager (Male) |
| 27:11 | Crear | Villager (Male) |
| 27:18 | Construir | Farm |
| 27:22 | Construir | Farm |
| 27:46 | Construir | University |
| 27:51 | Construir | Monastery |
| 27:55 | Crear | Villager (Male) |
| 27:56 | Crear | Villager (Male) |
| 27:59 | Crear | Villager (Male) |
| 28:02 | Crear | Villager (Male) |
| 28:07 | Crear | Villager (Male) |
Build order — elec2ro
Primeras 150 de 386 acciones detectadas
| 0:01 | Crear | Villager (Male) |
| 0:01 | Crear | Villager (Male) |
| 0:05 | Construir | House |
| 0:07 | Construir | House |
| 0:08 | Crear | Villager (Male) |
| 0:08 | Crear | Villager (Male) |
| 1:36 | Crear | Villager (Male) |
| 1:46 | Construir | Lumber Camp |
| 2:07 | Crear | Villager (Male) |
| 2:07 | Crear | Villager (Male) |
| 2:38 | Crear | Villager (Male) |
| 2:39 | Crear | Villager (Male) |
| 2:47 | Crear | Villager (Male) |
| 3:36 | Crear | Villager (Male) |
| 3:42 | Construir | Mill |
| 3:50 | Crear | Villager (Male) |
| 4:17 | Crear | Villager (Male) |
| 4:49 | Construir | House |
| 5:23 | Crear | Villager (Male) |
| 5:59 | Crear | Villager (Male) |
| 6:15 | Crear | Villager (Male) |
| 6:46 | Construir | House |
| 6:51 | Crear | Villager (Male) |
| 7:14 | Investigar | Feudal Age |
| 7:35 | Construir | Mining Camp |
| 8:25 | Crear | Villager (Male) |
| 9:10 | Crear | Villager (Male) |
| 9:37 | Edad | Edad Feudal |
| 9:39 | Construir | Blacksmith |
| 9:44 | Construir | Market |
| 9:57 | Construir | Farm |
| 10:28 | Investigar | Loom |
| 10:35 | Construir | Farm |
| 11:16 | Investigar | Castle Age |
| 11:16 | Investigar | Castle Age |
| 11:45 | Construir | Farm |
| 11:45 | Construir | Farm |
| 11:47 | Construir | Farm |
| 11:54 | Investigar | Double-Bit Axe |
| 12:21 | Construir | House |
| 12:24 | Construir | House |
| 12:26 | Construir | House |
| 12:29 | Construir | House |
| 12:36 | Crear | Villager (Male) |
| 13:11 | Investigar | Horse Collar |
| 13:21 | Crear | Villager (Male) |
| 13:56 | Edad | Edad de los Castillos |
| 13:59 | Crear | Villager (Male) |
| 14:06 | Construir | Monastery |
| 14:24 | Construir | House |
| 14:27 | Construir | House |
| 14:29 | Construir | House |
| 14:46 | Construir | Town Center |
| 14:55 | Crear | Villager (Male) |
| 14:56 | Crear | Villager (Male) |
| 14:57 | Crear | Monk |
| 15:15 | Construir | Farm |
| 15:31 | Crear | Villager (Male) |
| 16:34 | Construir | Farm |
| 16:35 | Construir | Farm |
| 16:35 | Construir | Farm |
| 16:35 | Construir | Farm |
| 16:39 | Crear | Villager (Male) |
| 16:39 | Crear | Villager (Male) |
| 16:40 | Crear | Villager (Male) |
| 16:40 | Crear | Villager (Male) |
| 16:42 | Crear | Villager (Male) |
| 16:43 | Crear | Villager (Male) |
| 17:23 | Crear | Villager (Male) |
| 17:33 | Crear | Villager (Male) |
| 17:38 | Construir | Farm |
| 18:31 | Construir | Farm |
| 18:31 | Construir | Farm |
| 18:31 | Construir | Farm |
| 18:32 | Construir | Farm |
| 18:32 | Construir | Farm |
| 18:32 | Construir | Farm |
| 18:35 | Crear | Villager (Male) |
| 18:36 | Crear | Villager (Male) |
| 18:37 | Crear | Villager (Male) |
| 18:38 | Crear | Villager (Male) |
| 19:28 | Construir | Farm |
| 19:33 | Construir | Farm |
| 20:01 | Construir | Town Center |
| 20:14 | Crear | Villager (Male) |
| 20:14 | Crear | Villager (Male) |
| 20:15 | Crear | Villager (Male) |
| 20:15 | Crear | Villager (Male) |
| 20:15 | Crear | Villager (Male) |
| 20:16 | Crear | Villager (Male) |
| 20:17 | Crear | Villager (Male) |
| 20:20 | Crear | Villager (Male) |
| 20:50 | Construir | Farm |
| 20:54 | Construir | Farm |
| 21:05 | Investigar | Bow Saw |
| 21:08 | Investigar | Heavy Plow |
| 21:44 | Construir | Mining Camp |
| 21:46 | Crear | Villager (Male) |
| 21:46 | Crear | Villager (Male) |
| 21:48 | Crear | Villager (Male) |
| 21:48 | Crear | Villager (Male) |
| 21:48 | Crear | Villager (Male) |
| 21:49 | Crear | Villager (Male) |
| 22:21 | Construir | Farm |
| 22:26 | Construir | Farm |
| 22:28 | Crear | Villager (Male) |
| 22:28 | Crear | Villager (Male) |
| 22:29 | Crear | Villager (Male) |
| 22:29 | Crear | Villager (Male) |
| 22:30 | Crear | Villager (Male) |
| 22:30 | Crear | Villager (Male) |
| 22:37 | Construir | Farm |
| 22:42 | Construir | Farm |
| 22:45 | Construir | Farm |
| 22:49 | Construir | Farm |
| 23:02 | Construir | Barracks |
| 23:09 | Crear | Villager (Male) |
| 23:10 | Crear | Villager (Male) |
| 23:11 | Crear | Villager (Male) |
| 23:13 | Crear | Villager (Male) |
| 23:14 | Crear | Villager (Male) |
| 23:19 | Crear | Villager (Male) |
| 23:22 | Crear | Villager (Male) |
| 24:04 | Construir | Farm |
| 24:07 | Crear | Villager (Male) |
| 24:08 | Crear | Villager (Male) |
| 24:09 | Crear | Villager (Male) |
| 24:10 | Crear | Villager (Male) |
| 24:11 | Crear | Villager (Male) |
| 24:12 | Crear | Villager (Male) |
| 24:12 | Crear | Villager (Male) |
| 24:13 | Crear | Villager (Male) |
| 24:14 | Crear | Villager (Male) |
| 24:22 | Construir | Farm |
| 24:26 | Construir | Farm |
| 24:29 | Construir | Farm |
| 24:34 | Construir | House |
| 24:37 | Construir | House |
| 24:39 | Construir | House |
| 24:41 | Construir | House |
| 24:44 | Construir | House |
| 24:46 | Construir | House |
| 24:48 | Construir | House |
| 24:50 | Construir | House |
| 24:55 | Construir | Farm |
| 25:07 | Construir | Archery Range |
| 25:11 | Construir | Archery Range |
| 25:29 | Construir | Farm |
| 25:33 | Construir | Farm |
| 25:39 | Construir | Farm |
Cronología de la partida
| 9:37 | elec2ro · age_up feudal |
| 13:56 | elec2ro · age_up castle |
| 14:06 | elec2ro · first_building Monastery |
| 14:43 | elec2ro · first_market_buy 100 wood |
| 16:33 | TruG-moto · age_up feudal |
| 21:28 | TruG-moto · wall_segment Stone Wall x11 |
| 21:37 | TruG-moto · wall_segment Stone Wall x13 |
| 22:13 | TruG-moto · wall_segment Stone Wall x13 |
| 23:02 | elec2ro · first_building Barracks |
| 23:27 | TruG-moto · age_up castle |
| 24:40 | TruG-moto · first_building Castle |
| 25:07 | elec2ro · first_building Archery Range |
| 26:03 | elec2ro · first_building Stable |
| 27:51 | TruG-moto · first_building Monastery |
| 29:37 | TruG-moto · first_building Siege Workshop |
| 30:12 | elec2ro · first_building Castle |
| 32:23 | elec2ro · first_building Siege Workshop |
| 35:04 | TruG-moto · first_building Barracks |
| 35:57 | elec2ro · age_up imperial |
| 36:42 | TruG-moto · first_building Archery Range |
| 38:51 | TruG-moto · age_up imperial |
| 57:19 | TruG-moto · resign |
[ ANÁLISIS IA · 1 CRÉDITO ]
¿Qué pasó realmente en esta partida?
Wolo.gg analiza cada decisión: build order, eco, micro, errores típicos por bracket. Análisis personalizado por WhatsApp o Discord en 30 segundos.
Guía civ
Aztecas
Guía mapa
Arena
Perfil
TruG-moto